 Dungeon Crawl Stone Soup version 0.29.1-2-gbd0b4ee654 (webtiles) character file.

Game seed: 13747570813905872003

18970 croobank the Spry (level 12, -9/61 HPs)
             Began as a Felid Summoner on Oct 31, 2022.
             Was an Initiate of Gozag.
             Mangled by a hellwing (13 damage)
             ... summoned by an orc high priest
             ... on level 2 of the Orcish Mines.
             The game lasted 02:06:38 (29147 turns).

croobank the Spry (Felid Summoner)                 Turns: 29147, Time: 02:06:39

Health: -9/61      AC:  3    Str:  4    XL:     12   Next: 32%
Magic:  27/27      EV: 29    Int: 20    God:    Gozag
Gold:   1729       SH:  0    Dex: 18    Spells: 6/31 levels left
                                        Lives:  0   Deaths: 3

rFire   . . .      SeeInvis +   (weapon unavailable)
rCold   + . .      Faith    .   (shield unavailable)
rNeg    + . .      Spirit   .   (body armour unavailable)
rPois   .          Reflect  .   (helmet unavailable)
rElec   .          Harm     .   (cloak unavailable)
rCorr   .          Rampage  .   (gloves unavailable)
Will    +....      Rage     3%  (boots unavailable)
Stlth   +++.......              E - amulet of magic regeneration
HPRegen 0.20/turn               k - ring of wizardry
MPRegen 0.60/turn               f - ring of positive energy

@: on berserk cooldown, quick
A: very small, claws 1, fangs 3, see invisible, speed 1, shaggy fur 3, stealthy
paws, no weapons or thrown items, no armour, multi-lived, berserk 1
a: Renounce Religion, Potion Petition, Call Merchant, Bribe Branch


You were on level 2 of the Orcish Mines.
You worshipped Gozag.
Gozag was most pleased with you.
You visited 4 branches of the dungeon, and saw 18 of its levels.

You collected 4651 gold pieces.
You paid 2922 gold pieces to Gozag.

Inventory:

Jewellery
 f - a ring of positive energy (right paw)
 k - a ring of wizardry (left paw)
 C - a ring of ice
 E - an amulet of magic regeneration (around neck)
Wands
 a - a wand of charming (12)
 l - a wand of roots (9)
 m - a wand of digging (12)
 q - a wand of quicksilver (12)
 r - a wand of polymorph (13)
 B - a wand of flame (18)
Scrolls
 j - a scroll of teleportation
 o - 2 scrolls of vulnerability
 t - a scroll of magic mapping
 G - a scroll of immolation
 H - 3 scrolls of butterflies
Potions
 b - 4 potions of brilliance
 c - 3 potions of berserk rage
 d - 2 potions of cancellation
 e - a potion of attraction
 g - a potion of heal wounds
 h - a potion of mutation
 i - 2 potions of might {unknown}
 n - 3 potions of resistance {unknown}
 p - 3 potions of invisibility {unknown}
 s - a potion of magic
 u - a potion of curing
 w - a potion of degeneration {unknown}
 x - a potion of lignification {unknown}
 z - 2 potions of ambrosia {unknown}
Miscellaneous
 v - a lightning rod (4/4)
 D - a piece from Xom's chessboard (15/15)


   Skills:
 * Level 12.1 Fighting
 * Level 15.7 Dodging
 - Level 3.3 Stealth
 - Level 10.0 Spellcasting
 - Level 5.0 Hexes
 - Level 10.0 Summonings
 + Level 9.4 Transmutations
 - Level 7.0 Air Magic


You had 6 spell levels left.
You knew the following spells:

 Your Spells              Type           Power      Damage    Failure   Level
a - Summon Small Mammal   Summ           100%       N/A       1%          1
b - Call Imp              Summ           50%        N/A       1%          2
c - Call Canine Familiar  Summ           50%        N/A       1%          3
d - Summon Guardian Gole  Hex/Summ       40%        N/A       1%          3
e - Summon Lightning Spi  Summ/Air       44%        N/A       1%          4
f - Irradiate             Conj/Tmut      14%        3d16      12%         5
g - Dragon Form           Tmut           23%        N/A       43%         7

Your spell library contained the following spells:

 Spells                   Type           Power      Damage    Failure   Level
 Beastly Appendage        Tmut           94%        N/A       1%          1
 Poisonous Vapours        Pois/Air       48%        N/A       1%          2
 Wereblood                Tmut           47%        N/A       1%          2
 Spider Form              Tmut/Pois      28%        N/A       1%          3
 Blade Hands              Tmut           23%        N/A       1%          5
 Gell's Gravitas          Tloc           10%        N/A       9%          3
 Lesser Beckoning         Tloc           10%        N/A       9%          3
 Teleport Other           Tloc           10%        N/A       9%          3
 Anguish                  Hex/Necr       10%        N/A       10%         4
 Enfeeble                 Hex            15%        N/A       95%         7
 Spellforged Servitor     Conj/Summ      15%        N/A       95%         7
 Orb of Destruction       Conj           5%         9d5       100%        7
 Corpse Rot               Necr/Pois/Air  Unusable   N/A       N/A         4

Dungeon Overview and Level Annotations

Branches:
Dungeon (10/15)            Temple (1/1) D:7            Lair (5/5) D:9
  Swamp (0/4) Lair:2       Spider (0/4) Lair:3        Slime (0/5) Lair:5
    Orc (2/2) D:9             Elf (0/3) Orc:2

Altars:
Ashenzari
Cheibriados
Dithmenos
Elyvilon
Fedhas
Gozag
Hepliaklqana
Kikubaaqudgha
Makhleb
Nemelex Xobeh
Okawaru
Qazlal
Ru
Sif Muna
Trog
Uskayaw
Vehumet
Wu Jian
Xom
Yredelemnul
Zin
The Shining One
Jiyva

Annotations:
D:8 2 runed translucent doors, miserystealer's ghost, novice DrCj
D:9 3 runed translucent doors, btbam's ghost, novice MiFi; fireball365's ghost, novice MiFi
Lair:5 1 runed translucent door, Jingleheimer's ghost, journeyman VSFi
Orc:1 Snorg
Orc:2 Azrael; Urug


Innate Abilities, Weirdness & Mutations

You have sharp claws.
You have razor-sharp teeth.
You have supernaturally acute eyesight. (SInv)
You cover ground quickly. (Speed+)
Your thick and shaggy fur keeps you warm. (AC +3, rC+)
Your paws help you pounce on unaware monsters.
You are incapable of wielding weapons or throwing items.
You cannot wear armour.
You gain extra lives every three experience levels.
You sometimes lose your temper in combat.


Message History

The orc priest completely misses you.
The orc wizard attacks as you move away!
The orc wizard misses you. The orc priest completely misses you.
The orc wizard is distracted by your dazzling golden aura.
The hellwing swoops through the air toward you!
The hellwing completely misses you. The hellwing barely misses you.
The orc wizard shouts!
You scratch the hellwing but do no damage.
You bite the hellwing, but do no damage.
The orc priest completely misses you.
The orc priest looks braver for a moment.
The hellwing misses you. The hellwing completely misses you.
The orc warrior misses you. The orc priest completely misses you.
The orc priest is distracted by your dazzling golden aura.
The orc priest sings a few bars from the Orcish anthem.
The orc priest misses you.
The orc priest shouts!
You scratch the hellwing but do no damage.
You feel yourself speed up.
The orc priest is no longer distracted by gold.
The hellwing completely misses you. The hellwing barely misses you.
The orc priest begins to cast a cantrip, but forgets the words!
The orc priest misses you. The orc warrior completely misses you.
The orc high priest prays.
The orc priest completely misses you. The hellwing hits you. x2
You scratch the hellwing but do no damage.
The orc wizard is no longer distracted by gold.
The orc priest misses you.
An orc priest comes into view. It is wielding a +0 falchion.
The orc priest calls down the wrath of Beogh upon you.
Pain shoots through your body!
* * * LOW HITPOINT WARNING * * *
The orc warrior hits you with a +0 short sword.
* * * LOW HITPOINT WARNING * * *
The orc priest calls down the wrath of Beogh upon you.
Beogh smites you!
* * * LOW HITPOINT WARNING * * *
The hellwing hits you!
You die...
Your body crumbles into a pile of gold.

*,,,***,,,,#..<...# **,,,....
,,,,,*,,*,,#..##.### **,,,,,,,,
,*∩*,,,**,,#...###.####*,,,,*,,,,
,∩,∩,,,,*,,#........#.##*,,,,,,,,
,*∩*,,,**,,#.......#...#**,,,,,,,
,,,,,*,,*,,#.........^.#**,,,,,$,
*,,,***,,,,#............#,,,,,,,,
,,,,,*,,,,,#....o.##.#....,,,,,,,
,*,*,,,,,,,#..oo@4.##...#.,,,,,,,
*****,,,,,,#..oooO.......*,,,,,,,
...,,,,,,,##..$o.........#,,,,,,,
....,,,,,##..$.#..........*,,,,,,
#o.o######.$$............#**,,,,,
...oooo$$o........#######*,*,,,,,
...oo.$..$$......##~**~~**,,,,,,,
................##~~~~~~***,,,,,,
.....#..........#*,~~,~,~~*,,,,,,


You could see an orc high priest, a hellwing (summoned), an orc warrior, an
ogre, 5 orc priests and an orc wizard.

Vanquished Creatures
  2 orc high priests
  An orc sorcerer (Orc:1)
  2 trolls
  A yak (Lair:2)
  A warg (Orc:2)
  17 orc warriors
  A black bear (D:5)
  An ogre (Orc:1)
  A centaur (D:8)
  A phantom (D:6)
  3 electric eels
  5 orc priests
  Jessica (D:2)
  8 orc wizards
  A white imp (D:6)
  16 orcs
  A bat (D:1)
  A giant cockroach (D:1)
  A hobgoblin (D:1)
  A kobold (D:9)
  A quokka (D:4)
  A rat (D:3)
68 creatures vanquished.

Vanquished Creatures (collateral kills)
  4 hydras
  2 elephants (Lair:5)
  2 torpor snails
  A black mamba (Lair:3)
  7 cane toads
  Maggie (Lair:2)
  3 komodo dragons
  6 polar bears
  A tyrant leech (Lair:2)
  5 hornets (Lair:5)
  A dream sheep (Lair:5)
  Grinder (D:3)
  24 blink frogs
  10 spriggans (Lair:5)
  2 wyverns (D:9)
  35 yaks
  12 basilisks
  2 steam dragons
  13 water moccasins
  An acid dragon (D:9)
  6 black bears
  2 orc warriors (Orc:2)
  An ogre (D:6)
  3 sky beasts
  3 boggarts
  2 centaurs
  25 wolves
  A phantom (D:4)
  3 kobold brigands
  7 bullfrogs
  A necrophage (D:5)
  3 scorpions
  13 killer bees
  5 jellies
  3 hounds
  5 orc priests
  2 iguanas
  Terence (D:2)
  9 orc wizards
  3 gnolls
  6 adders
  A shadow imp (D:6)
  2 white imps
  2 dart slugs
  35 orcs
  12 endoplasms
  A giant cockroach (D:3)
  4 hobgoblins
  6 jackals (D:1)
  20 kobolds
  3 quokkas
  3 ball pythons
  5 frilled lizards
  6 goblins
  4 rats
341 creatures vanquished.

Vanquished Creatures (others)
  An ettin (D:9)
  Fannar (Orc:1)
  A catoblepas (Lair:4)
  2 two-headed ogres
  2 elephants (Lair:5)
  A cane toad (Lair:5)
  A rime drake (Lair:5)
  2 komodo dragons
  2 polar bears
  A troll (D:9)
  A hornet (D:7)
  3 blink frogs
  A dream sheep (Lair:5)
  3 spriggans (Lair:5)
  27 yaks
  A wyvern (D:9)
  3 basilisks
  An acid dragon (D:9)
  A swamp worm (Lair:2)
  3 water moccasins (Lair:2)
  3 black bears
  2 orc warriors
  An ogre (D:5)
  12 wolves
  A gnoll sergeant (D:5)
  A bullfrog (Lair:2)
  A necrophage (D:5)
  2 killer bees (D:9)
  An iguana (D:4)
  5 gnolls
  An adder (D:5)
  2 orcs (Orc:2)
  11 bushes
  41 fungi
  71 plants
  6 withered plants (D:9)
219 creatures vanquished.

Grand Total: 628 creatures vanquished

Notes
Turn   | Place    | Note
-------+----------+-------------------------------------------
     0 | D:1      | croobank the Felid Summoner began the quest for the Orb.
     0 | D:1      | Reached XP level 1. HP: 7/7 MP: 4/4
   331 | D:1      | Reached skill level 3 in Dodging
   345 | D:1      | Reached XP level 2. HP: 11/11 MP: 4/6
   348 | D:1      | Learned a level 2 spell: Call Imp
   495 | D:1      | You fall into a shaft and drop 1 floor!
   878 | D:1      | Reached XP level 3. HP: 14/14 MP: 1/7
  1555 | D:2      | Found a snail-covered altar of Cheibriados.
  1675 | D:2      | Noticed Jessica
  1685 | D:2      | Killed Jessica
  1686 | D:2      | Reached skill level 1 in Fighting
  1686 | D:2      | Reached XP level 4. HP: 19/19 MP: 4/8
  1690 | D:2      | Learned a level 3 spell: Call Canine Familiar
  1907 | D:2      | Noticed Terence
  1949 | D:2      | Killed Terence
  1950 | D:2      | Reached skill level 1 in Transmutations
  2551 | D:3      | Noticed Grinder
  2573 | D:3      | Identified the +5 scale mail of Boiling Hail {Int+2}
  2973 | D:4      | Noticed a +0 dagger
  2973 | D:4      | Noticed a +0 falchion
  2974 | D:4      | Noticed a +0 short sword
  2974 | D:4      | Noticed a +0 short sword
  2975 | D:4      | Noticed a +0 spear
  2975 | D:4      | Noticed a +0 dagger
  2978 | D:4      | Noticed a +0 spear
  2978 | D:4      | Noticed a +0 falchion
  2985 | D:4      | Noticed a black bear
  2998 | D:4      | Killed a black bear
  2999 | D:4      | Reached skill level 4 in Dodging
  2999 | D:4      | Reached XP level 5. HP: 14/22 MP: 6/10
  3004 | D:4      | Learned a level 3 spell: Summon Guardian Golem
  3105 | D:4      | Found a hide-covered altar of Uskayaw.
  3322 | D:4      | Found a basalt altar of Yredelemnul.
  3359 | D:4      | Found a burning altar of Makhleb.
  3359 | D:4      | Found a sparkling altar of Nemelex Xobeh.
  3361 | D:4      | Found a shimmering altar of Xom.
  3361 | D:4      | Found a hide-covered altar of Uskayaw.
  3361 | D:4      | Found a broken altar of Ashenzari.
  3498 | D:4      | Reached skill level 1 in Hexes
  3498 | D:4      | Gained mutation: You are covered in thick fur. (AC +2)
                  | [Felid growth]
  3498 | D:4      | Reached XP level 6. HP: 13/26 MP: 0/11
  3798 | D:4      | Reached skill level 5 in Summonings
  3846 | D:5      | Entered Level 5 of the Dungeon
  3877 | D:5      | Reached skill level 5 in Dodging
  3877 | D:5      | Reached XP level 7. HP: 18/30 MP: 2/13
  5488 | D:5      | Found an iron altar of Okawaru.
  5648 | D:5      | Reached skill level 6 in Dodging
  5648 | D:5      | Reached XP level 8. HP: 35/35 MP: 6/15
  6308 | D:6      | Reached skill level 5 in Hexes
  6750 | D:6      | Found a burning altar of Makhleb.
  6838 | D:6      | Learned a level 4 spell: Summon Lightning Spire
  7061 | D:7      | Reached skill level 7 in Dodging
  7162 | D:7      | Reached skill level 5 in Spellcasting
  7178 | D:7      | Reached skill level 1 in Air Magic
  7311 | D:7      | Found a broken altar of Ashenzari.
  7395 | D:7      | Found a glowing silver altar of Zin.
  7404 | D:7      | Found a staircase to the Ecumenical Temple.
  7451 | Temple   | Entered the Ecumenical Temple
  7544 | Temple   | Became a worshipper of Gozag Ym Sagoz the Greedy
  7702 | D:7      | Reached XP level 9. HP: 40/40 MP: 3/17
  8047 | D:7      | Found a basalt altar of Yredelemnul.
  8555 | D:8      | Found a large runed translucent door.
  8555 | D:8      | Found a large runed translucent door.
  8583 | D:8      | Reached skill level 5 in Fighting
  8715 | D:8      | Noticed a two-headed ogre
  8746 | D:8      | Killed a two-headed ogre
  8747 | D:8      | Reached skill level 8 in Dodging
  8950 | D:8      | Noticed miserystealer's ghost (novice DrCj)
  9682 | D:3      | Killed Grinder
  9841 | D:3      | Found a faded altar of an unknown god.
 10299 | D:7      | Paralysed by a hornet for 1 turns
 10999 | D:9      | Found a staircase to the Lair.
 11007 | D:9      | Reached XP level 10. HP: 45/45 MP: 10/20
 11096 | D:9      | Found a staircase to the Orcish Mines.
 11111 | D:9      | Reached skill level 9 in Dodging
 11265 | D:9      | Noticed a two-headed ogre
 11679 | D:9      | Found a glowing golden altar of the Shining One.
 11681 | D:9      | Found a blossoming altar of Fedhas.
 11726 | D:9      | Found a runed translucent gate.
 11726 | D:9      | Found a runed translucent gate.
 11726 | D:9      | Found a runed translucent gate.
 11726 | D:9      | Noticed fireball365's ghost (novice MiFi)
 11726 | D:9      | Noticed btbam's ghost (novice MiFi)
 11733 | D:9      | Reached skill level 5 in Transmutations
 11967 | D:9      | Identified the +7 scimitar "Mis Qaum" {freeze, *Rage rC++
                  | Str-2 Dex+9 Stlth+}
 12008 | D:9      | Mangled by a two-headed ogre
 12009 | D:9      | Reached XP level 9. HP: -7/42 MP: 10/19
 12052 | D:9      | Killed a two-headed ogre
 12331 | D:9      | Reached XP level 10. HP: 47/47 MP: 13/21
 12340 | D:9      | Reached skill level 10 in Dodging
 12997 | D:9      | Reached skill level 5 in Air Magic
 13588 | D:10     | Entered Level 10 of the Dungeon
 13793 | D:10     | Noticed a deep elf pyromancer
 13846 | Lair:1   | Entered Level 1 of the Lair of Beasts
 13883 | Lair:1   | Reached XP level 11. HP: 51/51 MP: 7/23
 15017 | Lair:1   | Reached skill level 11 in Dodging
 15411 | Lair:1   | Identified a scroll of acquirement
 15810 | Lair:2   | Noticed Maggie
 15827 | Lair:2   | Killed Maggie
 16634 | Lair:2   | Found a staircase to the Swamp.
 18089 | Lair:3   | Gained mutation: Your thick and shaggy fur keeps you warm.
                  | (AC +3, rC+) [Felid growth]
 18089 | Lair:3   | Reached XP level 12. HP: 56/56 MP: 16/25
 18256 | Lair:3   | Found a hole to the Spider Nest.
 18285 | Lair:3   | Reached skill level 12 in Dodging
 18678 | Lair:3   | Reached skill level 10 in Summonings
 18718 | Lair:3   | Noticed a five-headed hydra
 19317 | Lair:3   | Killed a five-headed hydra
 20416 | Lair:4   | Reached skill level 13 in Dodging
 20753 | Lair:4   | Reached skill level 10 in Fighting
 21006 | Lair:4   | Found a frozen archway.
 21349 | Lair:4   | Noticed a catoblepas
 21372 | Lair:4   | Killed a catoblepas
 22564 | Lair:5   | Entered Level 5 of the Lair of Beasts
 22602 | Lair:5   | Reached XP level 13. HP: 61/61 MP: 25/27
 22602 | Lair:5   | Acquired a book of Transfigurations
 22765 | Lair:5   | Reached skill level 10 in Spellcasting
 23580 | Lair:5   | Demolished by a spriggan rider
 23581 | Lair:5   | Reached XP level 12. HP: -15/59 MP: 27/27
 23581 | Lair:5   | Noticed a six-headed hydra
 23598 | Lair:5   | Reached skill level 14 in Dodging
 23721 | Lair:5   | Killed a six-headed hydra
 23933 | Lair:5   | Found a staircase to the Slime Pits.
 23947 | Lair:5   | Found a viscous altar of Jiyva.
 24352 | Lair:5   | Found a runed translucent door.
 24356 | Lair:5   | Noticed Jingleheimer's ghost (journeyman VSFi)
 24357 | Lair:5   | Identified the +7 spear of Zouppus {vorpal, *Rage rPois
                  | Int+10 Dex+3}
 24904 | Lair:5   | Noticed a five-headed hydra
 24956 | Lair:5   | Killed a five-headed hydra
 25160 | Lair:5   | Reached skill level 15 in Dodging
 26556 | D:9      | Reached XP level 13. HP: 57/64 MP: 28/28
 26597 | D:9      | Learned a level 5 spell: Irradiate
 26598 | Orc:1    | Entered Level 1 of the Orcish Mines
 26883 | Orc:1    | Noticed an ettin
 27112 | D:9      | Learned a level 7 spell: Dragon Form
 27308 | D:9      | Killed an ettin
 28043 | Orc:1    | Gained mutation: You sometimes lose your temper in combat.
                  | [mutagenic glow]
 28325 | Orc:1    | Noticed Snorg
 28674 | Orc:2    | Entered Level 2 of the Orcish Mines
 28706 | Orc:1    | Noticed Fannar
 28736 | Orc:1    | Killed Fannar
 28971 | Orc:1    | You fall into a shaft and drop 1 floor!
 28971 | Orc:2    | Noticed Azrael
 29026 | Orc:2    | Noticed Urug
 29031 | Orc:2    | HP: 4/96 [orc warrior/+0 battleaxe[an orc high priest]
                  | (13)]
 29035 | Orc:2    | Hit by a javelin thrown by Urug
 29036 | Orc:2    | Reached XP level 12. HP: -6/91 MP: 27/27
 29129 | Orc:2    | Noticed an orc high priest
 29147 | Orc:2    | Mangled by a hellwing

Illustrated notes

Levels and vault maps discovered:
D:1:      matt_arrival_spirals, layout_rooms, corexii_hall_statues_i,
          chequers_serial_rivers_room_a
D:2:      layout_rooms, basic_altar, kennysheep_cluttered_room, uniq_jessica,
          uniq_terence
D:3:      layout_basic, shapermc_ecumenical_altar_mp_ritualfount,
          ebering_dispersal_statue_hall, palyth_stone_intersect, uniq_grinder
D:4:      layout_gridville, nicolae_uskayaw_en_pointe, doesnt_xom_only_xom,
          minmay_misc_feat_hallway
D:5:      layout_basic, mainiacjoe_overflow_boulevard, corexii_shack
D:6:      layout_basic, lightli_temple_of_fire
D:7:      layout_basic, old_standard_altar, zin_academy,
          evilmike_ruin_ashenzari, minmay_temple_entry_trees
D:8:      layout_gridville, ebering_ghost_disaster_area, serial_glass,
          glass_columns_b, glass_columns_b
D:9:      layout_loops_cross, jmf_multi_god_temple, minmay_lair_entry_grove,
          gammafunk_ghost_cemetery, serial_bayou_pond_b,
          nicolae_elevator_lobby_asterisk
D:10:     layout_basic
Temple:   nicolae_temple_god_jail
Lair:1:   layout_cave_pods, minmay_stone_trees_small,
          chequers_serial_rivers_micro_b, st_stairs_11,
          gammafunk_lair_bear_cave, infiniplex_staircase_pool_2
Lair:2:   layout_loops_ring, minmay_swamp_entry_worms,
          nicolae_volcano_entry_hallway, serial_bayou_shore_a, uniq_maggie
Lair:3:   layout_gridlike, dummy_spider_entry, minivault_26, grunt_megastairs_4,
          infiniplex_staircase_pool, lemuel_fruit_tree
Lair:4:   layout_layer_cave, portal_ice_cave_entry_pillars_2,
          beast_lair_carwin_3
Lair:5:   minmay_lair_end_enchanted_forest, layout_hall_layers,
          nicolae_slime_entry_slimehenge, ebering_ghost_funeral_grove,
          serial_bayou_shore_b
Orc:1:    layout_caves, uniq_snorg, uniq_fannar
Orc:2:    st_orc_mages, layout_caves, basic_altar, nicolae_orc_lava_room,
          uniq_azrael, uniq_urug

Skill      XL: |  1  2  3  4  5  6  7  8  9 10 11 12 13 |
---------------+----------------------------------------+-----
Dodging        | 3 4 5 6 7 8 10 11 15 | 15.7
Stealth        | 3 |  3.3
Fighting       | 1 2 3 4 7 8 11 12 | 12.1
Transmutations | 1 2 3 4 5 6 9 8 |  9.4
Spellcasting   | 3 4 5 6 7 8 9 10 | 10.0
Hexes          | 1 2 4 5 |  5.0
Summonings     | 5 6 7 8 9 10 | 10.0
Air Magic      | 1 3 5 6 7 |  7.0

Action                   |  1- 3 |  4- 6 |  7- 9 | 10-12 | 13-15 || total
-------------------------+-------+-------+-------+-------+-------++-------
Melee: Unarmed           |    14 |     7 |    36 |    57 |    86 ||   200
       Bite              |     1 |       |     5 |     7 |     6 ||    19
       Tailslap          |       |       |       |     2 |    11 ||    13
       Punch             |       |       |       |       |     3 ||     3
 Cast: Summon Small Mamm |    43 |    23 |    67 |   105 |     9 ||   247
       Call Imp          |    19 |     6 |    20 |    35 |     6 ||    86
       Call Canine Famil |       |    22 |    57 |    92 |    17 ||   188
       Summon Guardian G |       |     1 |    24 |    79 |    12 ||   116
       Summon Lightning  |       |       |    23 |   130 |    16 ||   169
       Dragon Form       |       |       |       |     1 |     7 ||     8
       Irradiate         |       |       |       |       |     2 ||     2
Invok: Potion Petition   |       |       |     1 |     3 |     3 ||     7
 Abil: Breathe Fire      |       |       |       |     1 |     2 ||     3
       End Transformatio |       |       |       |       |     1 ||     1
Evoke: Wand              |       |     1 |       |     7 |     2 ||    10
       Lightning rod     |       |       |       |       |     1 ||     1
  Use: Scroll            |       |     4 |     9 |     4 |     8 ||    25
       Potion            |       |       |     3 |     1 |     4 ||     8
 Stab: Distracted        |     1 |       |     2 |     3 |     1 ||     7
       Sleeping          |       |       |     1 |     1 |     1 ||     3
Armor: Skin              |     1 |       |     7 |     8 |    56 ||    72
Dodge: Dodged            |    33 |    22 |   153 |   266 |   193 ||   667
